 Dungeon Crawl Stone Soup version 0.30-a0-918-g0ff054e9dc (webtiles) character file.

Game seed: 592347969271487112

339434 Zenkrye the Slayer (level 22, -9/177 HPs)
             Began as a Human Cinder Acolyte on Mar 16, 2023.
             Was a High Priest of Ignis.
             Killed from afar by an ironbound thunderhulk (17 damage)
             ... with a bolt of lightning
             ... while paralysed by a great orb of eyes
             ... on level 4 of the Vaults on Mar 20, 2023.
             The game lasted 02:28:21 (43801 turns).

Zenkrye the Slayer (Human Cinder Acolyte)          Turns: 43801, Time: 02:28:22

Health: -9/177     AC: 35    Str: 37    XL:     22   Next: 95%
Magic:  28/32      EV:  2    Int:  9    God:    Ignis [*****.]
Gold:   2244       SH:  0    Dex: 17    Spells: 20/23 levels left

rFire   + + +      SeeInvis .    V - +9 demon trident (vamp)
rCold   + + .      Faith    .    Q - +10 tower shield of Ignorance {rN+ Int-4}
rNeg    + . .      Spirit   .    X - +3 gold dragon scales
rPois   +          Reflect  +    v - +0 hat "Roschuk" {rC+ Regen+ Stlth-}
rElec   +          Rampage  .    y - +2 cloak
rCorr   +          NoCast   +    i - +0 pair of gloves {Dex+3}
Will    +....                    w - +2 pair of boots of Cisawn {-Cast rElec Regen+ rCorr Str+4} Stlth
                                 P - amulet of reflection
HPRegen 2.09/turn                S - ring "Zounkuat" {rF+ MP+9 Dex+2 Slay+4}
MPRegen 0.23/turn                n - ring of the Crown {rF+ Str+6 Dex+3 Stlth-}

@: paralysed, marked, slowed
A: dopey 1, frail 1, shaggy fur 1, strong 1
}: 2/15 runes: barnacled, gossamer
a: Renounce Religion, Fiery Armour, Foxfire Swarm, Rising Flame


You were on level 4 of the Vaults.
You worshipped Ignis.
Ignis was extremely pleased with you.
You visited 7 branches of the dungeon, and saw 38 of its levels.
You visited the Abyss 1 time.
You visited 1 bazaar.
You also visited: Ossuary and Gauntlet.

You collected 4566 gold pieces.
You spent 2322 gold pieces at shops.

Inventory:

Hand Weapons
 I - a +5 vampiric demon trident
 V - a +9 vampiric demon trident (weapon)
Missiles
 h - a throwing net {!f}
 M - 29 boomerangs (quivered)
 R - 14 javelins
 T - 15 silver javelins
 U - 5 curare-tipped darts
Armour
 i - a +0 pair of gloves of dexterity (worn)
 v - the +0 hat "Roschuk" (worn) {rC+ Regen+ Stlth-}
   (You acquired it on level 1 of the Depths)

   rC:        It protects you from cold.
   Regen:     It increases your rate of health regeneration.
   Stlth:     It makes you less stealthy.
 w - the +2 pair of boots of Cisawn (worn) {-Cast rElec Regen+ rCorr Str+4}
   (You found it on level 2 of the Lair of Beasts)

   Str:       It affects your strength (+4).
   rElec:     It insulates you from electricity.
   -Cast:     It prevents spellcasting.
   Regen:     It increases your rate of health regeneration.
   rCorr:     It protects you from acid and corrosion.
 y - a +2 cloak (worn)
 Q - the +10 tower shield of Ignorance (worn) {rN+ Int-4}
   (You found it on level 9 of the Dungeon)

   Int:       It affects your intelligence (-4).
   rN:        It protects you from negative energy.
 X - +3 gold dragon scales (worn)
Jewellery
 n - the ring of the Crown (right hand) {rF+ Str+6 Dex+3 Stlth-}
   (You found it on level 3 of the Lair of Beasts)

   [ring of strength]

   Str:       It affects your strength (+6).
   Dex:       It affects your dexterity (+3).
   rF:        It protects you from fire.
   Stlth:     It makes you less stealthy.
 G - the ring of Otwu {*Slow rC+ Int+8 Dex-2 SInv}
   (You found it in a Gauntlet)

   [ring of protection from cold]

   Int:       It affects your intelligence (+8).
   Dex:       It affects your dexterity (-2).
   rC:        It protects you from cold.
   SInv:      It lets you see invisible.
   *Slow:     It may slow you when you take damage.
 P - an amulet of reflection (around neck)
 S - the ring "Zounkuat" (left hand) {rF+ MP+9 Dex+2 Slay+4}
   (You found it in a Gauntlet)

   [ring of slaying]

   Dex:       It affects your dexterity (+2).
   Slay:      It affects your accuracy & damage with ranged weapons and melee
   (+4).
   rF:        It protects you from fire.
   MP:        It affects your magic capacity (+9).
Wands
 k - a wand of paralysis (8)
 m - a wand of flame (24)
 r - a wand of light (19)
 s - a wand of roots (4)
 z - a wand of polymorph (7)
 N - a wand of digging (15) {@v1}
Scrolls
 e - 6 scrolls of poison
 g - 4 scrolls of immolation
 j - 2 scrolls of blinking {@r4}
 A - 9 scrolls of fear
 B - 2 scrolls of summoning
 F - 7 scrolls of magic mapping
 K - 9 scrolls of fog
 Z - 21 scrolls of teleportation {@r3}
Potions
 a - 3 potions of ambrosia
 b - 5 potions of flight
 d - 9 potions of might {@q4}
 p - 2 potions of berserk rage
 q - 10 potions of haste {@q3}
 u - 10 potions of mutation
 x - 4 potions of heal wounds {@q2}
 C - 2 potions of invisibility
 E - 6 potions of curing {@q1}
 J - 10 potions of brilliance
 O - 3 potions of cancellation
 W - 3 potions of magic
 Y - a potion of resistance {@q6}
Miscellaneous
 c - a phial of floods
 l - a box of beasts
 o - a phantom mirror
 t - a condenser vane
 L - a lightning rod (4/4)


   Skills:
 + Level 22.3 Fighting
 - Level 14.0 Polearms
 + Level 18.0 Armour
 - Level 20.0 Shields
 - Level 1.0 Spellcasting
 - Level 3.0 Fire Magic
 + Level 13.0 Evocations


You had 20 spell levels left.
You knew the following spells:

 Your Spells              Type           Power      Damage    Failure   Level
a - Scorch                Fire           10%        2d5       95%         2
p - Apportation           Tloc           0%         N/A       99%         1

Your spell library contained the following spells:

 Spells                   Type           Power      Damage    Failure   Level
 Freeze                   Ice            0%         1d3       99%         1
 Necrotise                Necr           0%         1d4       99%         1
 Slow                     Hex            0%         N/A       99%         1
 Summon Small Mammal      Summ           0%         N/A       99%         1
 Cigotuvi's Dreadful Rot  Necr/Pois/Air  0%         N/A       100%        2
 Ensorcelled Hibernation  Hex/Ice        0%         N/A       100%        2
 Poisonous Vapours        Pois/Air       0%         N/A       100%        2
 Sublimation of Blood     Necr           0%         N/A       100%        2
 Call Canine Familiar     Summ           0%         N/A       100%        3
 Confusing Touch          Hex            0%         N/A       100%        3
 Frozen Ramparts          Ice            0%         1d1       100%        3
 Hailstorm                Conj/Ice       0%         3d3       100%        3
 Ignite Poison            Fire/Tmut/Pois 2%         N/A       100%        3
 Kindle Blastsparks       Fire/Tloc/Air  4%         2d10      100%        3
 Mephitic Cloud           Conj/Pois/Air  0%         N/A       100%        3
 Portal Projectile        Hex/Tloc       0%         N/A       100%        3
 Spider Form              Tmut/Pois      0%         N/A       100%        3
 Vampiric Draining        Necr           0%         2d6       100%        3
 Vhi's Electric Charge    Tloc/Air       0%         N/A       100%        3
 Airstrike                Air            0%         2d(0-16)  100%        4
 Anguish                  Hex/Necr       0%         N/A       100%        4
 Iskenderun's Mystic Bla  Conj/Tloc      0%         2d3       100%        4
 Leda's Liquefaction      Hex/Erth       0%         N/A       100%        4
 Petrify                  Tmut/Erth      0%         N/A       100%        4
 Sticky Flame             Conj/Fire      3%         2d3       100%        4
 Summon Lightning Spire   Summ/Air       0%         N/A       100%        4
 Alistair's Intoxication  Tmut/Pois      0%         N/A       100%        5
 Arcjolt                  Conj/Air       0%         1d10      100%        5
 Borgnjor's Vile Clutch   Necr/Erth      0%         N/A       100%        5
 Fireball                 Conj/Fire      1%         3d3       100%        5
 Freezing Cloud           Conj/Ice/Air   0%         6-21      100%        5
 Irradiate                Conj/Tmut      0%         3d11      100%        5
 Iskenderun's Battlesphe  Conj           0%         2d6       100%        5
 Lightning Bolt           Conj/Air       0%         1d11      100%        5
 Summon Forest            Summ/Tloc      0%         N/A       100%        5
 Conjure Ball Lightning   Conj/Air       0%         3x3d6     100%        6
 Eringya's Noxious Bog    Tmut/Pois      0%         N/A       100%        6
 Summon Cactus Giant      Summ           0%         N/A       100%        6
 Malign Gateway           Summ/Tloc      0%         N/A       100%        7
 Orb of Destruction       Conj           0%         9d5       100%        7
 Disjunction              Tloc           0%         N/A       100%        8
 Ignition                 Fire           2%         3d3       100%        8
 Maxwell's Capacitive Co  Air            0%         ∞         100%        8
 Summon Horrible Things   Summ           0%         N/A       100%        8
 Chain Lightning          Conj/Air       0%         N/A       100%        9
 Fire Storm               Conj/Fire      1%         8d1       100%        9
 Shatter                  Erth           0%         3d5*      100%        9


Dungeon Overview and Level Annotations

Branches:
Dungeon (15/15)            Temple (0/1) D:4            Lair (5/5) D:11
 Shoals (4/4) Lair:3       Spider (4/4) Lair:2        Slime (0/5) Lair:4
    Orc (2/2) D:9             Elf (0/3) Orc:2        Vaults (4/5) D:13
  Crypt (0/3) Vaults:2     Depths (4/4) D:15            Zot (0/5) Depths:4
Ossuary (visited)         Gauntlet (visited)

Altars:
Ashenzari
Cheibriados
Elyvilon
Fedhas
Hepliaklqana
Makhleb
Sif Muna
Vehumet
Wu Jian
Yredelemnul
The Shining One

Shops:
D:5 [   D:15 :[:   Orc:1 (?   Orc:2 ?[([   Shoals:3 [   Vaults:2 **
Depths:4 :=:

Portals:
Hell: Depths:1 Depths:2 Depths:3 Depths:4
Abyss: Depths:1 Depths:3
Pandemonium: Depths:2
Ziggurat: Depths:2

Annotations:
D:2 1 runed translucent door, Crazy Yiuf
D:3 1 runed translucent door
D:4 exclusion: statue
D:5 Dowan
D:9 exclusion: 4 orange crystal statues
Lair:4 exclusion: oklob plant
Depths:3 exclusion: oklob plant


Innate Abilities, Weirdness & Mutations

You are dopey. (Int -2)
You are frail. (-10% HP)
You are covered in fur. (AC +1)
Your muscles are strong. (Str +4, Int/Dex -1)


Message History

The ironbound thunderhulk blinks!
You block the great orb of eyes's attack.
Strange energies crackle from the ironbound thunderhulk's apparatus.
The ironbound thunderhulk blinks!
You hit the great orb of eyes.
You feel better.
The great orb of eyes is almost dead.
The great orb of eyes gazes at you.
You easily resist.
Strange energies crackle from the ironbound thunderhulk's apparatus.
The ironbound thunderhulk blinks!
You hit the great orb of eyes.
The great orb of eyes is almost dead.
The vault guard no longer looks unusually strong.
The vault warden seems to regain its courage.
The ironbound convoker howls in fear.
The ironbound frostheart screams, "Help!"
The great orb of eyes gazes at you.
You suddenly lose the ability to move!
Strange energies crackle from the ironbound thunderhulk's apparatus.
The ironbound thunderhulk blinks!
The vault guard seems to regain its courage.
The ironbound thunderhulk seems to regain its courage.
The ironbound frostheart seems to regain its courage.
The vault warden activates a sealing rune.
The great orb of eyes bites you but does no damage.
Electricity crackles from the ironbound thunderhulk's apparatus.
The bolt of lightning hits you! You resist. The great orb of eyes bites you!
* * * LOW HITPOINT WARNING * * *
Electricity crackles from the ironbound thunderhulk's apparatus.
The bolt of lightning hits you! You resist.
* * * LOW HITPOINT WARNING * * *
The ironbound convoker seems to regain its courage.
The vault warden hits you with a +0 dire flail!!!
* * * LOW HITPOINT WARNING * * *
The great orb of eyes gazes at you.
You easily resist.
Electricity crackles from the ironbound thunderhulk's apparatus.
The bolt of lightning hits you! You resist.
You die...

......
#.........##############+###
............................
............................
............O...............
......!...................^.
...............†............
..........ppG..[............
.........)p@................
#.........##################
#.........# #.........#
#....p...)# #.........#
#....../..# #....p.p..#
.........#


You could see a vault warden (strong), an ironbound thunderhulk, a vault guard,
a great orb of eyes, an ironbound frostheart (strong) and an ironbound convoker.

Vanquished Creatures
  Boris (twice) (Depths:3 Vaults:2)
  2 golden dragons
  Nikola (Spider:4)
  Jory (Vaults:3)
  Arachne (Spider:2)
  Rupert (D:15)
  2 liches (Depths:2)
  2 titans
  A walking divine tome (Depths:3)
  A quicksilver dragon (Depths:4)
  A walking frostbound tome (Depths:3)
  Frances (D:13)
  3 sphinxes
  A shadow dragon (Depths:2)
  Gastronok (Lair:3)
  3 storm dragons (Depths:3)
  A tengu reaver (Depths:3)
  4 frost giants
  Ilsuiw (Shoals:3)
  An iron dragon (Depths:4)
  A deep elf sorcerer (Depths:1)
  5 fire giants
  2 emperor scorpions (Spider:4)
  7 vault wardens
  6 ghost moths
  Aizul (Vaults:1)
  Louise (Spider:2)
  A draconian stormcaller (Depths:4)
  2 spriggan defenders
  3 orc warlords
  A draconian shifter (Depths:4)
  2 war gargoyles
  10 very ugly things
  10 ironbound preservers
  5 stone giants
  2 black draconians (Depths:4)
  9 ironbound thunderhulks
  A yellow draconian (Depths:4)
  A minotaur (Gauntlet)
  2 purple draconians (Depths:4)
  21 dire elephants
  A red draconian (Depths:4)
  10 spark wasps
  A white draconian (Depths:4)
  4 merfolk impalers
  Snorg (Orc:2)
  7 merfolk javelineers
  10 ettins
  5 fire dragons
  7 great orbs of eyes
  Josephine (Orc:1)
  5 entropy weavers
  7 vault guards
  5 yaktaur captains
  A deep elf high priest (Depths:4)
  9 ice dragons
  2 peacekeepers
  3 jorogumos (Spider:3)
  4 hydras
  An ice dragon (shapeshifter) (D:15)
  A rakshasa (Depths:3)
  A radroach (Spider:4)
  12 ironbound frosthearts
  4 merfolk aquamancers (Shoals:4)
  12 boulder beetles
  2 death knights (D:13)
  2 spriggan air magi (Depths:3)
  6 centaur warriors
  11 deep troll shamans
  Erica (D:10)
  3 two-headed ogres
  A satyr (Shoals:3)
  6 tengu warriors
  7 deep troll earth magi
  12 death yaks
  Urug (D:13)
  A titan zombie (Vaults:3)
  2 orc high priests (Orc:2)
  A death scarab (Spider:4)
  2 spriggan berserkers
  9 iron trolls
  A wretched star (Gauntlet)
  4 skeletal warriors (Vaults:2)
  2 skysharks
  2 sun moths
  A spriggan (Depths:4)
  5 pharaoh ants
  Lodul (D:12)
  A sea snake (Shoals:3)
  A glowing orange brain (Depths:4)
  54 deep trolls
  A swamp dragon (Lair:5)
  6 orb spiders
  A flayed ghost (Depths:3)
  An obsidian statue (Gauntlet)
  4 wizards
  11 ironbound convokers
  5 steelbarb worms
  7 lindwurms
  3 orc knights
  2 necromancers
  14 harpies
  A golden dragon skeleton (Depths:2)
  2 deep elf pyromancers
  3 orc sorcerers
  2 oklob plants (Lair:3)
  27 ugly things
  An iron dragon zombie (Depths:2)
  22 wolf spiders
  10 manticores
  A frost giant zombie (Depths:2)
  A sphinx skeleton (Vaults:2)
  5 moths of wrath
  7 cyclopes
  4 fauns
  3 merfolk sirens
  2 stone giant skeletons
  3 elephants (Lair:2)
  10 vault sentinels
  An elephant (shapeshifter) (Depths:3)
  4 water nymphs
  12 cane toads
  3 black mambas
  2 torpor snails
  A frost giant skeleton (Vaults:2)
  8 demonic crawlers
  An unseen horror (D:11)
  3 rime drakes (Lair:5)
  2 gargoyles
  18 yaktaurs
  A spark wasp simulacrum (Depths:2)
  9 tengu conjurers
  An efreet (D:14)
  11 komodo dragons
  3 yaktaur skeletons
  4 human skeletons (Vaults:2)
  2 kobold demonologists
  A tengu simulacrum (Vaults:3)
  4 meliai
  A queen bee (Spider:1)
  7 merfolk
  14 trolls
  3 hornets
  18 polar bears
  A wind drake (Shoals:3)
  29 tarantellas
  Prince Ribbit (D:6)
  5 blink frogs (Lair:5)
  A raiju (shapeshifter) (D:13)
  17 dream sheep
  2 raiju (Lair:5)
  32 jumping spiders
  3 snapping turtles
  21 culicivoras
  2 ettin skeletons (Vaults:2)
  6 wraiths
  2 shadows
  A centaur simulacrum (D:13)
  22 slime creatures
  11 water elementals
  7 wyverns
  A hog (shapeshifter) (D:13)
  43 yaks
  A steam dragon (Lair:5)
  A swamp worm (shapeshifter) (Depths:1)
  A neqoxec (Gauntlet)
  35 redbacks
  10 vampire mosquitoes
  4 basilisks
  Menkaure (Ossuary)
  7 wargs
  3 glowing shapeshifter skeletons (Vaults:2)
  3 acid dragons
  3 swamp drakes
  14 water moccasins
  13 hell hounds (Lair:5)
  A meliai simulacrum (D:13)
  3 sky beasts (Depths:1)
  42 orc warriors
  2 ice beasts
  16 black bears
  4 boggarts (Vaults:2)
  19 wolves
  6 centaurs
  26 ogres
  2 phantoms
  4 kobold brigands (D:9)
  2 gnoll sergeants (D:9)
  8 bullfrogs
  A scorpion (D:13)
  A small abomination (Gauntlet)
  12 killer bees
  2 howler monkeys
  4 vampire bats (D:14)
  4 electric eels
  2 hounds (D:5)
  39 orc priests
  A gnoll bouda (D:8)
  7 iguanas
  6 jellies
  2 sleepcaps
  Terence (D:2)
  40 orc wizards
  3 mummies (Ossuary)
  6 adders
  4 gnolls
  6 white imps
  2 ufetubi
  3 dart slugs
  119 orcs
  6 endoplasms
  3 giant cockroaches
  6 goblins
  4 hobgoblins
  4 jackals (D:4)
  A quokka (D:1)
  3 ball pythons
  9 bats
  A frilled lizard (D:1)
  2 gnoll skeletons (Ossuary)
  5 gnoll zombies (Ossuary)
  4 goblin skeletons (Ossuary)
  3 goblin zombies (Ossuary)
  8 hobgoblin skeletons (Ossuary)
  3 hobgoblin zombies (Ossuary)
  8 kobolds
  A kobold skeleton (Ossuary)
  5 kobold zombies (Ossuary)
  2 orc zombies (Ossuary)
  A rat (D:1)
  10 rat skeletons (Ossuary)
  7 rat zombies (Ossuary)
  A butterfly (Lair:2)
1470 creatures vanquished.

Vanquished Creatures (collateral kills)
  Asterion (Spider:3)
  A jumping spider (Spider:3)
2 creatures vanquished.

Vanquished Creatures (others)
  Donald (Shoals:3)
  A fire giant (Depths:2)
  An ironbound preserver (Vaults:2)
  An iron troll (Depths:3)
  A pharaoh ant (Spider:2)
  A wolf spider (Spider:4)
  2 culicivoras (Spider:2)
  2 demonic plants (Gauntlet)
  50 fungi
  155 plants
  27 withered plants (Gauntlet)
242 creatures vanquished.

Grand Total: 1714 creatures vanquished

Notes
Turn   | Place    | Note
-------+----------+-------------------------------------------
     0 | D:1      | Zenkrye the Human Cinder Acolyte began the quest for the
                  | Orb.
     0 | D:1      | Reached XP level 1. HP: 18/18 MP: 2/2
    70 | D:1      | You fall into a shaft and drop 1 floor!
   287 | D:1      | Reached XP level 2. HP: 24/24 MP: 3/3
   290 | D:1      | Learned a level 2 spell: Scorch
   776 | D:1      | Found a faded altar of an unknown god.
   776 | D:1      | Noticed a smoke demon
  1037 | D:2      | Noticed Terence
  1049 | D:2      | Killed Terence
  1050 | D:2      | Reached XP level 3. HP: 15/29 MP: 1/4
  1111 | D:2      | Reached XP level 4. HP: 30/35 MP: 5/5
  1279 | D:2      | Found a runed translucent door.
  1280 | D:2      | Noticed Crazy Yiuf
  1629 | D:2      | Identified a scroll of acquirement
  1629 | D:2      | Acquired the +0 pair of gloves "Dolokk" {rCorr}
  1870 | D:3      | Reached skill level 5 in Polearms
  1963 | D:3      | Reached XP level 5. HP: 16/41 MP: 6/6
  1976 | D:3      | Reached XP level 6. HP: 22/47 MP: 7/7
  2124 | D:3      | Noticed a human
  2125 | D:3      | Found a runed translucent door.
  2129 | D:3      | Found a basalt altar of Yredelemnul.
  2449 | D:4      | Found a staircase to the Ecumenical Temple.
  2517 | D:4      | Found a broken altar of Ashenzari.
  2817 | D:4      | Found a radiant altar of Vehumet.
  2827 | D:4      | Found a sand-covered staircase.
  2833 | Ossuary  | Entered an ossuary
  3115 | Ossuary  | Reached XP level 7. HP: 52/52 MP: 8/8
  3168 | Ossuary  | Noticed Menkaure
  3212 | Ossuary  | Killed Menkaure
  3213 | Ossuary  | Reached skill level 1 in Armour
  3656 | D:5      | Entered Level 5 of the Dungeon
  3849 | D:5      | Reached XP level 8. HP: 8/60 MP: 9/9
  4032 | D:5      | Found Ilaucic's Antique Armour Emporium.
  4082 | D:5      | Found a burning altar of Makhleb.
  4176 | D:5      | Noticed Dowan
  4192 | D:6      | Reached skill level 4 in Fighting
  4435 | D:6      | Noticed Prince Ribbit
  4453 | D:6      | Killed Prince Ribbit
  5351 | D:7      | Reached skill level 1 in Evocations
  5451 | D:7      | Reached XP level 9. HP: 58/66 MP: 10/10
  6628 | D:8      | Reached skill level 5 in Fighting
  6813 | D:8      | Identified the +11 quarterstaff "Zadipt" {freeze, rN++}
  6964 | D:8      | Noticed a troll
  6971 | D:8      | Killed a troll
  6972 | D:8      | Reached XP level 10. HP: 71/74 MP: 11/11
  7036 | D:8      | Found a glowing golden altar of the Shining One.
  7625 | D:9      | Noticed an orange crystal statue
  7626 | D:9      | Found a runed translucent door.
  7626 | D:9      | Found the +10 tower shield of Ignorance {rN+ Int-4}
  7888 | D:9      | Found a runed translucent door.
  7926 | D:9      | Found a snail-covered altar of Cheibriados.
  8036 | D:9      | Reached skill level 6 in Fighting
  8036 | D:9      | Reached skill level 5 in Armour
  8166 | D:9      | Reached skill level 5 in Evocations
  8231 | D:9      | Found a staircase to the Orcish Mines.
  8254 | D:9      | Reached XP level 11. HP: 80/83 MP: 12/12
  8264 | D:9      | Reached skill level 7 in Fighting
  8852 | D:10     | Entered Level 10 of the Dungeon
  9142 | D:10     | Noticed a manticore
  9154 | D:10     | Killed a manticore
  9155 | D:10     | Reached skill level 8 in Fighting
  9590 | D:11     | Noticed Erica
  9624 | D:11     | Noticed a cyclops
  9646 | D:11     | Killed a cyclops
  9672 | D:11     | Noticed a boulder beetle
  9732 | Orc:1    | Entered Level 1 of the Orcish Mines
 10069 | Orc:1    | Found Yhofuwib's Magic Scroll Emporium.
 10095 | Orc:1    | Found Ywniwul's Antique Weapon Shop.
 10478 | Orc:2    | Entered Level 2 of the Orcish Mines
 10507 | Orc:2    | Found a staircase to the Elven Halls.
 10508 | Orc:2    | Noticed an orc warlord
 10509 | Orc:2    | Noticed an orc sorcerer
 10550 | Orc:2    | Noticed Sonja
 10585 | Orc:2    | Noticed Josephine
 10591 | Orc:1    | Reached skill level 9 in Fighting
 10821 | Orc:2    | Noticed an orc sorcerer
 10824 | Orc:1    | Sonja changed into Sonja the basilisk
 10824 | Orc:1    | Noticed Sonja
 10826 | Orc:1    | Killed Sonja the basilisk
 10843 | Orc:1    | Reached XP level 12. HP: 95/95 MP: 13/13
 11068 | Orc:1    | Killed Josephine
 11838 | Orc:2    | Noticed Snorg
 11846 | Orc:2    | Killed Snorg
 12153 | Orc:2    | Reached skill level 10 in Fighting
 12413 | Orc:2    | Noticed an orc high priest
 12425 | Orc:2    | Killed an orc high priest
 12862 | Orc:2    | Found Diasigh's Magic Scroll Emporium.
 12926 | Orc:2    | Bought a scroll of blinking for 112 gold pieces
 13083 | Orc:2    | Reached skill level 10 in Armour
 13269 | Orc:2    | Reached XP level 13. HP: 91/104 MP: 14/14
 13269 | Orc:2    | Noticed an orc warlord
 13286 | Orc:2    | Killed an orc warlord
 13292 | Orc:2    | Reached skill level 11 in Fighting
 13347 | Orc:2    | Found Simepp's Antique Armour Boutique.
 13349 | Orc:2    | Found Zuinusma's Antique Weapon Shop.
 13406 | Orc:2    | Killed an orc warlord
 13789 | Orc:2    | Found Emecuzou's Armour Boutique.
 14037 | Orc:1    | Bought a scroll of teleportation for 42 gold pieces
 14037 | Orc:1    | Bought a scroll of fear for 56 gold pieces
 14079 | Orc:2    | Bought a scroll of fear for 60 gold pieces
 14079 | Orc:2    | Bought a scroll of magic mapping for 112 gold pieces
 14079 | Orc:2    | Bought a scroll of magic mapping for 112 gold pieces
 14202 | D:10     | Killed Erica
 14938 | D:11     | Found a staircase to the Lair.
 14950 | D:11     | Reached skill level 12 in Fighting
 15264 | Lair:1   | Entered Level 1 of the Lair of Beasts
 15612 | Lair:1   | Reached skill level 10 in Evocations
 15906 | Lair:1   | Noticed a four-headed hydra
 15917 | Lair:1   | Killed a four-headed hydra
 16306 | Lair:2   | Reached skill level 13 in Fighting
 16540 | Lair:2   | Noticed an eight-headed hydra
 16543 | Lair:2   | Reached XP level 14. HP: 118/118 MP: 15/15
 16730 | Lair:2   | You fall into a shaft and drop 2 floors!
 16730 | Lair:4   | Found an ornate altar of the Wu Jian Council.
 17126 | Lair:3   | Noticed Gastronok
 17151 | Lair:3   | Killed Gastronok
 17152 | Lair:3   | Reached skill level 14 in Fighting
 17373 | Lair:3   | Identified the ring of the Crown {rF+ Str+6 Dex+3 Stlth-}
 17398 | Lair:3   | Found a staircase to the Shoals.
 17449 | Lair:2   | Found a hole to the Spider Nest.
 17461 | Lair:2   | Identified the +2 pair of boots of Cisawn {-Cast rElec
                  | Regen+ rCorr Str+4}
 18618 | Lair:3   | Found a blossoming altar of Fedhas.
 19475 | Lair:4   | Found a staircase to the Slime Pits.
 19788 | Lair:5   | Entered Level 5 of the Lair of Beasts
 19853 | Lair:5   | Found a gate leading to a gauntlet.
 19874 | Gauntlet | Entered a Gauntlet
 19874 | Gauntlet | Found a transporter.
 19887 | Gauntlet | Found a runed translucent door.
 19889 | Gauntlet | Found a transporter.
 19890 | Gauntlet | Found a transporter.
 19891 | Gauntlet | Found a transporter.
 19894 | Gauntlet | Found a transporter.
 19895 | Gauntlet | Found a transporter.
 19901 | Gauntlet | Noticed a cacodemon
 19903 | Gauntlet | Found a transporter.
 19904 | Gauntlet | Found a transporter.
 19924 | Gauntlet | Found a transporter.
 19932 | Gauntlet | Found a transporter.
 19932 | Gauntlet | Found a transporter.
 19940 | Gauntlet | Found a transporter.
 20034 | Gauntlet | Found a runed translucent door.
 20172 | Gauntlet | Identified the ring of Otwu {*Slow rC+ Int+8 Dex-2 SInv}
 20183 | Gauntlet | Gained mutation: Your magical capacity is low. (-10% MP) [a
                  | neqoxec]
 20197 | Gauntlet | Reached XP level 15. HP: 101/101 MP: 14/14
 20208 | Gauntlet | Identified the +0 hat of Nuimoitt {Rampage}
 20246 | Gauntlet | Reached skill level 15 in Fighting
 20267 | Gauntlet | Identified the ring "Zounkuat" {rF+ MP+9 Dex+2 Slay+4}
 20967 | Lair:5   | Identified the ring "Rownousa" {*Slow rF+ rN+++ MP+9 Str-2}
 21297 | Lair:5   | Reached skill level 16 in Fighting
 21943 | D:12     | Noticed Lodul
 21963 | D:12     | Killed Lodul
 22547 | D:12     | Found a hazy altar of Hepliaklqana.
 22895 | D:13     | Noticed Urug
 22904 | D:13     | Killed Urug
 22930 | D:13     | Reached XP level 16. HP: 42/139 MP: 15/15
 23572 | D:13     | Noticed Frances
 23587 | D:13     | Killed Frances
 23588 | D:13     | Reached skill level 1 in Shields
 23678 | D:13     | Found a gate to the Vaults.
 25065 | D:14     | Found a shimmering blue altar of Sif Muna.
 25352 | D:15     | Entered Level 15 of the Dungeon
 25382 | D:15     | Found a flickering gateway to a bazaar.
 25388 | Bazaar   | Entered a bazaar
 25390 | Bazaar   | Found Feniet's Antique Armour Boutique.
 25392 | Bazaar   | Found Qel Ceawno's Jewellery Emporium.
 25399 | Bazaar   | Found Kuxt's Distillery.
 25417 | Bazaar   | Found Zeup's Antique Weapon Boutique.
 25451 | Bazaar   | Found Waklyo's Armour Shop.
 25459 | Bazaar   | Bought a +2 plate armour of willpower for 440 gold pieces
 25490 | Bazaar   | Bought a runed kite shield for 135 gold pieces
 25510 | Bazaar   | Bought a potion of mutation for 72 gold pieces
 25510 | Bazaar   | Bought a potion of heal wounds for 45 gold pieces
 25510 | Bazaar   | Bought 2 potions of curing for 54 gold pieces
 25510 | Bazaar   | Bought 2 potions of might for 72 gold pieces
 25510 | Bazaar   | Bought a potion of might for 36 gold pieces
 25510 | Bazaar   | Bought a potion of resistance for 90 gold pieces
 25510 | Bazaar   | Bought a potion of heal wounds for 45 gold pieces
 25540 | D:15     | Reached skill level 17 in Fighting
 25540 | D:15     | Reached skill level 5 in Shields
 25549 | D:15     | Reached skill level 15 in Armour
 25569 | D:15     | Found Eruq's Book Emporium.
 25715 | D:15     | Found a staircase to the Depths.
 25715 | D:15     | Noticed a fire giant
 25772 | D:15     | Found Hosmof's Antique Armour Emporium.
 25823 | D:15     | Noticed Rupert
 25835 | D:15     | Killed Rupert
 25863 | D:15     | Found Xaegrugg's Book Emporium.
 25938 | D:15     | Killed a fire giant
 26255 | Spider:1 | Entered Level 1 of the Spider Nest
 26312 | Spider:1 | Reached XP level 17. HP: 123/147 MP: 16/16
 28104 | Spider:2 | Noticed Louise
 28106 | Abyss:3  | Cast into level 3 of the Abyss (Louise)
 28125 | Abyss:3  | Found a corrupted altar of Lugonu.
 28128 | Spider:2 | Escaped the Abyss
 28145 | Spider:2 | Killed Louise
 28220 | Spider:2 | Noticed Arachne
 28246 | Spider:2 | Killed Arachne
 28572 | Spider:2 | Reached skill level 10 in Shields
 29206 | Spider:3 | Reached skill level 18 in Fighting
 29312 | Spider:3 | Noticed Asterion
 29318 | Spider:3 | Killed Asterion
 29570 | Spider:3 | Paralysed by a jorogumo for 1 turns
 29575 | Spider:3 | Paralysed by a jorogumo for 2 turns
 29585 | Spider:3 | Reached XP level 18. HP: 124/147 MP: 17/17
 29825 | Spider:4 | Entered Level 4 of the Spider Nest
 29902 | Spider:4 | Noticed Nikola
 30209 | Spider:4 | Killed Nikola
 30244 | Spider:4 | Gained mutation: Your magical capacity is very low. (-20%
                  | MP) [mutagenic glow]
 30259 | Spider:4 | Gained mutation: Armour fits poorly on your strangely
                  | shaped body. [mutagenic glow]
 30326 | Spider:4 | Lost mutation: Your magical capacity is very low. (-20% MP)
                  | [potion of mutation]
 30326 | Spider:4 | Lost mutation: Your magical capacity is low. (-10% MP)
                  | [potion of mutation]
 30326 | Spider:4 | Lost mutation: Armour fits poorly on your strangely shaped
                  | body. [potion of mutation]
 30326 | Spider:4 | Gained mutation: Your muscles are strong. (Str +4, Int/Dex
                  | -1) [potion of mutation]
 30326 | Spider:4 | Gained mutation: You are frail. (-10% HP) [potion of
                  | mutation]
 30326 | Spider:4 | Gained mutation: You are covered in fur. (AC +1) [potion of
                  | mutation]
 30969 | Spider:4 | Got a gossamer rune of Zot
 30983 | Spider:4 | Identified the orb "Akhyess" {rElec Regen+}
 31512 | Depths:1 | Entered Level 1 of the Depths
 31593 | Depths:1 | Noticed a titan
 31601 | D:15     | Killed a titan
 31711 | Depths:1 | Found a one-way gate to the infinite horrors of the Abyss.
 32064 | Depths:1 | Acquired the +0 hat "Roschuk" {rC+ Regen+ Stlth-}
 32143 | Depths:1 | Found a gateway to Hell.
 32234 | Depths:1 | Reached skill level 19 in Fighting
 32694 | Depths:1 | Reached XP level 19. HP: 114/149 MP: 20/20
 32879 | Depths:1 | Upgraded the game from 0.30-a0-883-g5ad918d77d to
                  | 0.30-a0-918-g0ff054e9dc
 33287 | D:9      | Learned a level 1 spell: Apportation
 33314 | D:9      | Gained mutation: You are dopey. (Int -2) [mutagenic glow]
 33589 | Depths:2 | Noticed a lich
 33599 | Depths:2 | Killed a lich
 33894 | Depths:2 | Found a one-way gate leading to the halls of Pandemonium.
 33984 | Depths:2 | Acquired 726 gold pieces
 34128 | Depths:2 | Reached skill level 15 in Shields
 34178 | Depths:2 | Found a one-way gateway to a ziggurat.
 34201 | Depths:2 | Found a basalt altar of Yredelemnul.
 34209 | Depths:2 | Noticed a lich
 34219 | Depths:2 | Killed a lich
 35312 | Depths:3 | Found a white marble altar of Elyvilon.
 35350 | Depths:3 | Noticed Boris
 35474 | Depths:3 | Reached skill level 20 in Fighting
 35492 | Depths:3 | Killed Boris
 35493 | Depths:3 | Reached XP level 20. HP: 108/158 MP: 21/21
 35773 | Depths:3 | You fall into a shaft and drop 1 floor!
 35773 | Depths:4 | Entered Level 4 of the Depths
 35773 | Depths:4 | Noticed a golden dragon
 35815 | Depths:3 | Killed a golden dragon
 36004 | Depths:3 | Found an ornate altar of the Wu Jian Council.
 36591 | Depths:4 | Noticed a golden dragon
 36936 | Depths:4 | Found Luoffy's Book Emporium.
 36936 | Depths:4 | Found Fubebb's Jewellery Boutique.
 36937 | Depths:4 | Found Uqoxexai's Book Emporium.
 37270 | Depths:4 | Found a gate to the Realm of Zot.
 37317 | Depths:4 | Killed a golden dragon
 37999 | Shoals:1 | Entered Level 1 of the Shoals
 38281 | Shoals:3 | Found Tozxut's Armour Boutique.
 38427 | Shoals:3 | Noticed Donald
 38440 | Shoals:3 | Killed Donald
 38445 | Shoals:3 | Noticed Ilsuiw
 38457 | Shoals:3 | Reached XP level 21. HP: 64/165 MP: 22/22
 38567 | Shoals:3 | Killed Ilsuiw
 38914 | Shoals:4 | Entered Level 4 of the Shoals
 39062 | Shoals:4 | Got a barnacled rune of Zot
 39292 | Vaults:1 | Entered Level 1 of the Vaults
 39350 | Vaults:1 | Noticed Aizul
 39360 | Vaults:1 | Killed Aizul
 39558 | Vaults:1 | Reached skill level 21 in Fighting
 40039 | Vaults:1 | Got the Octavo of Movement
 40965 | Vaults:2 | Reached XP level 22. HP: 174/174 MP: 23/23
 41030 | Vaults:2 | Noticed Boris
 41045 | Vaults:2 | Killed Boris
 41245 | Vaults:2 | Found Four's General Store.
 41257 | Vaults:2 | Bought a potion of haste for 150 gold pieces
 41257 | Vaults:2 | Bought a scroll of enchant armour for 112 gold pieces
 41257 | Vaults:2 | Bought a scroll of enchant armour for 112 gold pieces
 41257 | Vaults:2 | Bought a potion of heal wounds for 75 gold pieces
 41747 | Vaults:2 | Found a staircase to the Crypt.
 41933 | Vaults:2 | Found Rotridots's Assorted Antiques.
 41942 | Vaults:2 | Bought a wand of light (3) for 390 gold pieces
 42440 | Vaults:3 | Reached skill level 22 in Fighting
 42874 | Vaults:3 | Noticed Jory
 42899 | Vaults:3 | Killed Jory
 43146 | Vaults:3 | Got the Quarto of Company
 43788 | Vaults:4 | Paralysed by a great orb of eyes for 5 turns
 43798 | Vaults:4 | Paralysed by a great orb of eyes for 4 turns
 43801 | Vaults:4 | HP: 8/177 [vault warden/+0 dire flail (37)]
 43801 | Vaults:4 | Killed from afar by an ironbound thunderhulk

Illustrated notes

Levels and vault maps discovered:
D:1:      minmay_arrival_doors, layout_loops_corners,
          dreamdust_ecumenical_altar_sealed_demon, minmay_pentomino_v4
D:2:      layout_rooms, serial_park_tiny_1, nrook_mini_backslash, uniq_terence,
          uniq_crazy_yiuf_cottage
D:3:      layout_basic, dk_yredelemnul_ordeal
D:4:      layout_cave_pools, vehumet_statue, cheibrodos_ashenzari_chains,
          minmay_temple_entry_drinking_statues, nicolae_ossuary_entry_plus
D:5:      layout_gridville, nzn_overflow_gifts_of_might_and_magic,
          mainiacjoe_overflow_alcove_1, serial_shops, nicolae_shop_behind_doors,
          minmay_strange_pillars, lemuel_flamethrower_2, uniq_menkaure
D:6:      layout_cave_pods, serial_bayou, serial_bayou_lagoon_a,
          serial_bayou_pond_c, serial_bayou_shore_a, serial_bayou_ford_a,
          serial_bayou_pond_a, serial_bayou_crossing, uniq_prince_ribbit1
D:7:      layout_loops_cross
D:8:      layout_loops_corners, nicolae_tso_carved_into_rock, nrook_campfire,
          kennysheep_cross_room, minmay_microvault
D:9:      layout_basic, kennysheep_slug_shrine,
          kennysheep_orc_monster_closet_entryway,
          chequers_guarded_unrand_ignorance
D:10:     layout_cave_pools, nicolae_zen_rock_garden, nicolae_nh_ransacked_shop
D:11:     layout_cave_pools, due_lair_maze_entry_diamond, uniq_erica
D:12:     layout_small_grid, nicolae_hepliaklqana_hippocampus, uniq_lodul
D:13:     minmay_recursive_quarters, layout_loops_corners,
          lightli_vaults_fourway_checkpoint, serial_ice, serial_ice_i,
          serial_ice_h, serial_ice_f, serial_ice_n, serial_ice_b, serial_ice_a,
          st_stairs_13, uniq_urug, uniq_frances
D:14:     layout_loops_ring, led_sif_pool, roderic_batcave,
          lightli_corner_chamber
D:15:     grunt_enter_depths_giant_problem, layout_loops_ring, serial_shops,
          bzr_entry_safe, shop_coins, shop, shop, uniq_rupert
Lair:1:   layout_loops_ring, infiniplex_staircase_pool, lemuel_fruit_fields,
          grunt_megastairs_4
Lair:2:   nzn_winding_woodlands_small [nzn_winding_woodlands_5x15_concentric,
          nzn_winding_woodlands_center_diamonds,
          nzn_winding_woodlands_5x15_pathside_ponds], layout_chaotic_city,
          dummy_spider_entry, serial_bayou_shore_b
Lair:3:   layout_loops_ring, elwin_shoals_entry_rocks, hangedman_tree_tricks,
          st_stairs_12, uniq_gastronok
Lair:4:   layout_hall_layers, nicolae_slime_entry_field_trip, basic_altar,
          beast_lair_carwin_4
Lair:5:   hangedman_lair_caniforms_friends, layout_cellular_growth,
          guppyfry_lair_end_dragon, gauntlet_entry_generic,
          infiniplex_staircase_pool_2
Shoals:1: layout_shoals, st_cyclops
Shoals:2: layout_shoals, nicolae_shoals_lost_giant_pillars,
          nicolae_shoals_shepherds
Shoals:3: layout_shoals, nicolae_shoals_c_island, uniq_ilsuiw, uniq_donald
Shoals:4: shoals_end_hangedman, layout_shoals, centaur_isle, uniq_kirke
Spider:1: layout_cave_pods, nicolae_looking_at_the_future
Spider:2: layout_chambers, uniq_arachne, uniq_louise
Spider:3: layout_spider_delve, special_room, uniq_asterion
Spider:4: grunt_spider_rune_parallel, uniq_nikola
Orc:1:    layout_caves, serial_shops, shop, shop, david_defended_altar_orc
Orc:2:    grunt_orc_community_town_hall, layout_caves,
          grunt_orc_community_big_house_2, grunt_orc_community_big_house_1,
          grunt_orc_community_house_3, grunt_orc_community_house_2,
          grunt_orc_community_house_3, grunt_orc_community_house_2,
          grunt_orc_community_house_1, grunt_orc_community_house_2, uniq_snorg,
          uniq_josephine, uniq_sonja
Vaults:1: nicolae_vaults_rhombus_7, v_alt_pattern_5,
          nicolae_vaults_little_squares_6, grunt_vaults_funnel,
          nicolae_vaults_asterisk, st_quartered_hall, vaults_dpeg_ring,
          grunt_vaults_hallway_long, ontoclasm_vaults_twist,
          layout_vaults_omnigrid, uniq_aizul
Vaults:2: nicolae_vaults_specimen_jars, minmay_crypt_entry_skeletal_spiral,
          v_misc_11, vaults_mumra_lcd, ontoclasm_vaults_ring_small,
          ontoclasm_vaults_pinch, ontoclasm_vaults_loading_screen,
          vaults_dpeg_cross, v_misc_16, nicolae_vaults_sealed_display,
          vaults_room_semicircle, v_alt_pattern_3, layout_vaults_omnibox,
          serial_shops, shop, shop
Vaults:3: hangedman_vaults_capsules, vaults_mumra_hexcomb,
          vaults_standard_mumra_lines, vaults_room_door_hall, v_misc_18,
          nicolae_vaults_border_crossing, grunt_vaults_hallway_short,
          ontoclasm_vaults_bender, vaults_dpeg_hooks, hangedman_vaults_impose,
          v_misc_23, nicolae_vaults_little_squares_3, layout_vaults_big_room,
          uniq_jory
Vaults:4: vaults_standard_mumra_enter_the_diamond, ontoclasm_vaults_ligature,
          v_misc_26, nicolae_vaults_network_square, dpeg_vaults_monster_box,
          v_misc_31, nicolae_vaults_statue_guard, ontoclasm_vaults_fault,
          v_misc_26, vaults_room_pools, vaults_dpeg_diagonal, vaults_room_pool,
          layout_vaults_omnicross, nicolae_trove_entry_diagonal, serial_shops,
          shop
Depths:1: layout_gridlike, hell_entry, nicolae_abyss_entry_one_way_or_another,
          minmay_misc_feat_hallway, dreamdust_looks_like_rain,
          grunt_megastairs_2
Depths:2: kennysheep_big_flooded_room, layout_basic, enter_ziggurat_e,
          pan_entry, old_standard_altar, pf_vacation_house_of_asmodeus,
          infiniplex_staircase_door_maze
Depths:3: gold_lair_mu, layout_basic, hell_entry, abyss_entry_small_statue_room,
          elyvilon_altar_3, nicolae_wu_jian_immortal_techniques,
          minmay_staircase_windowed_small, uniq_boris
Depths:4: grunt_x_marks_the_spot, layout_cave_pools, pf_coc_iceberg,
          lightli_minifort, minmay_shop_grove

Skill      XL: |  1  2  3  4  5  6  7  8  9 10 11 12 13 14 15 16 17 18 19 20 21 22 |
---------------+-------------------------------------------------------------------+-----
Polearms       | 4 5 13 14 | 14.0
Armour         | 2 4 6 8 10 12 14 15 16 18 | 18.0
Fighting       | 4 5 6 9 10 13 14 16 17 18 19 20 21 22 | 22.3
Evocations     | 1 3 5 7 10 11 12 13 | 13.0
Shields        | 6 11 14 16 18 19 20 | 20.0
Spellcasting   | |  1.0
Fire Magic     | |  3.0

Action                     |  1- 3 |  4- 6 |  7- 9 | 10-12 | 13-15 | 16-18 | 19-21 | 22-24 || total
---------------------------+-------+-------+-------+-------+-------+-------+-------+-------++-------
  Melee: Spear             |    53 |    88 |   309 |       |       |       |       |       ||   450
         Punch             |       |     2 |     4 |       |     3 |     1 |       |       ||    10
         Trident           |       |   100 |    89 |       |       |       |       |       ||   189
         Quarterstaff      |       |       |    17 |   593 |   551 |       |       |       ||  1161
         Demon trident     |       |       |       |       |   508 |  1401 |  1667 |   566 ||  4142
  Throw: Dart              |     2 |     2 |    17 |    71 |    30 |     4 |       |       ||   126
         Boomerang         |       |       |       |       |    19 |    19 |    41 |     7 ||    86
   Cast: Scorch            |     2 |     8 |     7 |       |       |       |       |       ||    17
         Apportation       |       |       |       |       |       |       |     1 |       ||     1
  Evoke: Wand              |       |       |     9 |     6 |     6 |     2 |     2 |       ||    25
         Lightning rod     |       |       |       |       |       |     4 |       |     2 ||     6
         Condenser vane    |       |       |       |       |       |     2 |       |     2 ||     4
         Phial of floods   |       |       |       |       |       |     1 |       |       ||     1
    Use: Scroll            |       |    14 |    13 |     6 |    12 |     7 |    10 |     5 ||    67
         Potion            |       |     1 |     1 |     3 |     3 |     3 |     5 |     5 ||    21
   Stab: Paralysed         |       |       |     6 |     1 |     1 |       |       |       ||     8
         Distracted        |       |       |       |       |       |     1 |       |       ||     1
         Confused          |       |       |       |       |       |       |     3 |       ||     3
         Sleeping          |       |       |       |       |       |       |     1 |       ||     1
         Invisible         |       |       |       |       |       |       |     1 |       ||     1
 Armour: Leather armour    |     4 |       |       |       |       |       |       |       ||     4
         Robe              |     1 |       |       |       |       |       |       |       ||     1
         Ring mail         |    12 |    25 |    22 |       |       |       |       |       ||    59
         Plate armour      |       |       |    71 |    19 |       |   596 |   134 |       ||   820
         Chain mail        |       |       |     2 |   281 |   441 |    72 |       |       ||   796
         Gold dragon scale |       |       |       |       |       |       |   210 |   158 ||   368
  Dodge: Dodged            |    20 |    29 |    53 |   363 |   371 |   264 |   121 |    32 ||  1253
  Block: Other             |       |       |       |   102 |   147 |    12 |       |       ||   261
         Reflection        |       |       |       |    14 |     5 |    18 |    59 |    32 ||   128
         Buckler           |       |       |       |       |       |    34 |       |       ||    34
         Kite shield       |       |       |       |       |       |   731 |    13 |       ||   744
         Tower shield      |       |       |       |       |       |       |  1689 |   592 ||  2281

Table legend: (Time is in decaauts)
 A = Elapsed time spent in this place.
 B = Non-inter-level travel time spent in this place.
 C = Inter-level travel time spent in this place.
 D = Time resting spent in this place.
 E = Time spent auto-exploring this place.
 F = Levels seen in this place.
 G = Mean time per level.
                   A        B        C        D        E       F      G
               +--------+--------+--------+--------+--------+-----+--------+
         Total |  42478 |  39426 |   3052 |   5335 |  24298 |  42 | 1011.4 |
       Dungeon |  15702 |  14169 |   1533 |   2144 |   9335 |  15 | 1046.8 |
          Lair |   6205 |   5812 |    393 |    742 |   3828 |   5 | 1241.0 |
        Shoals |   1174 |   1070 |    104 |    101 |    431 |   4 |  293.5 |
   Spider Nest |   4797 |   4563 |    234 |    459 |   2863 |   4 | 1199.2 |
  Orcish Mines |   4111 |   3853 |    258 |   1116 |   1799 |   2 | 2055.5 |
        Vaults |   4236 |   3974 |    262 |    256 |   2607 |   4 | 1059.0 |
        Depths |   5240 |   4974 |    266 |    503 |   2926 |   4 | 1310.0 |
         Abyss |     21 |     21 |      0 |      0 |     14 |   1 |   21.0 |
        Bazaar |    129 |    129 |      0 |      0 |     64 |   1 |  129.0 |
       Ossuary |    458 |    458 |      0 |      9 |    245 |   1 |  458.0 |
      Gauntlet |    400 |    400 |      0 |      2 |    184 |   1 |  400.0 |
               +--------+--------+--------+--------+--------+-----+--------+

Top non-repeatable levels by time:
   Orc:2: 2328 daAuts
Depths:3: 1936 daAuts
   Orc:1: 1783 daAuts
     D:9: 1748 daAuts
    D:13: 1482 daAuts
Spider:2: 1463 daAuts
     D:8: 1457 daAuts
Vaults:1: 1454 daAuts
Spider:1: 1422 daAuts
  Lair:2: 1415 daAuts
  Lair:5: 1411 daAuts
Vaults:2: 1345 daAuts
  Lair:3: 1288 daAuts
    D:14: 1271 daAuts
  Lair:1: 1216 daAuts
